 Dungeon Crawl Stone Soup version 0.30.1-9-gdf580d7c3d (webtiles) character file.

Game seed: 6013573168964964544

82 KittyFluff the Cudgeller (level 4, -1/29 HPs)
             Began as a Gargoyle Berserker on Oct 4, 2023.
             Was a Believer of Trog.
             Slain by a gnoll
             ... wielding a +0 spear
              (4 damage)
             ... on level 2 of the Dungeon.
             The game lasted 00:03:52 (932 turns).

KittyFluff the Cudgeller (Gargoyle Berserker)        Turns: 932, Time: 00:03:52

Health: -1/29      AC:  5    Str: 20    XL:     4   Next: 43%
Magic:  4/4        EV: 12    Int:  8    God:    Trog [**....]
Gold:   123        SH:  0    Dex: 11    Spells: 3/3 levels left

rFire   . . .        a - +0 mace
rCold   . . .        (no shield)
rNeg    + . .        b - +0 animal skin
rPois   ∞            (no helmet)
rElec   +            (no cloak)
rCorr   +            (no gloves)
SInv    .            (no boots)
Will    .....        (no amulet)
Stlth   +            j - ring of resist corrosion
HPRegen 0.24/turn    (no ring)
MPRegen 0.09/turn

%: no passive effects
@: no status effects
A: sickness immunity, AC +3, negative energy resistance 1, electricity
resistance, torment resistance 1, petrification resistance
a: Renounce Religion, Berserk, Trog's Hand


You were on level 2 of the Dungeon.
You worshipped Trog.
Trog was pleased with you.
You visited 1 branch of the dungeon, and saw 2 of its levels.

You collected 123 gold pieces.

Inventory:

Hand Weapons
 a - a +0 mace (weapon)
Missiles
 k - 4 poisoned darts (quivered)
Armour
 b - a +0 animal skin (worn)
Jewellery
 j - a ring of resist corrosion (left hand)
Scrolls
 c - 2 scrolls of noise {unknown}
 f - a scroll of identify {unknown}
 g - a scroll of silence {unknown}
Potions
 d - a potion of lignification {unknown}
 e - a potion of mutation {unknown}
 h - a potion of brilliance {unknown}
 i - a potion of heal wounds {unknown}


   Skills:
 + Level 3.8 Fighting
 * Level 3.8 Maces & Flails
 * Level 3.3 Armour
 + Level 2.0 Dodging


You had 3 spell levels left.
You didn't know any spells.
Your spell library was empty.

Dungeon Overview and Level Annotations

Branches:
Dungeon (2/15)

Altars:


Innate Abilities, Weirdness & Mutations

You are immune to sickness and miasma.
Your stone body is resilient. (AC +3)
You are immune to poison.
You resist negative energy. (rN+)
You are resistant to electric shocks. (rElec)
You are resistant to unholy torment.
You are immune to petrification.


Message History

The kobold shouts!
The gnoll hits you but does no damage.
The kobold moves out of view.
The gnoll throws a throwing net.
The throwing net barely misses you. The gnoll hits you with a +0 spear.
You closely miss the gnoll. The gnoll hits you with a +0 spear.
The gnoll hits you from afar with a +0 spear.
You thump the gnoll!
The gnoll is severely wounded.
The gnoll closely misses you. The gnoll hits you but does no damage.
You sock the gnoll!
You kill the gnoll!
Trog accepts your kill. The gnoll barely misses you.
You thump the kobold!
You kill the kobold!
Trog accepts your kill. The gnoll hits you but does no damage.
The gnoll hits you from afar with a +0 spear.
Items here: $ ( ))).
The gnoll hits you with a +0 spear.
* * * LOW HITPOINT WARNING * * *
You hit the gnoll.
The gnoll is heavily wounded.
The gnoll closely misses you.
You hit the gnoll.
The gnoll is severely wounded.
The gnoll closely misses you.
You barely miss the gnoll.
The gnoll is severely wounded.
The gnoll hits you with a +0 spear.
* * * LOW HITPOINT WARNING * * *
You hit the gnoll.
The gnoll is almost dead.
The gnoll closely misses you.
You hit the gnoll but do no damage.
The gnoll is almost dead.
The gnoll hits you with a +0 spear.
* * * LOW HITPOINT WARNING * * *
The gnoll hits you with a +0 spear.
You die...

.. ..# # ... #
#####.### #####
#........ #....
#?.......#####.#..
###g.............#.#
#..@.[......###.:...
#(#)###.###...†.....
#.#...###....#......
#.###.#.#.#....#....
#..#(... #...##....
#.###.#.###..####...
#.#.....?#...# ##..
#.#.# #.###..# ###
##...###...#..#


You could see a gnoll.

Vanquished Creatures
  Natasha (D:2)
  2 gnolls (D:2)
  2 bats
  4 endoplasms
  3 giant cockroaches (D:1)
  A goblin (D:1)
  A hobgoblin (D:1)
  3 jackals (D:1)
  7 quokkas
  4 ball pythons
  A frilled lizard (D:2)
  2 kobolds
  2 rats (D:1)
33 creatures vanquished.

Notes
Turn   | Place    | Note
-------+----------+-------------------------------------------
     0 | D:1      | KittyFluff the Gargoyle Berserker began the quest for the
                  | Orb.
     0 | D:1      | Reached XP level 1. HP: 14/14 MP: 1/1
   173 | D:1      | Reached XP level 2. HP: 19/19 MP: 2/2
   523 | D:1      | Reached XP level 3. HP: 23/23 MP: 3/3
   609 | D:1      | Reached ** piety under Trog
   810 | D:2      | Found a faded altar of an unknown god.
   858 | D:2      | Noticed Natasha
   865 | D:2      | Killed Natasha
   887 | D:2      | Reached XP level 4. HP: 25/29 MP: 4/4
   932 | D:2      | Slain by a gnoll

Illustrated notes

Levels and vault maps discovered:
D:1:      denvon_arrival_planthouse, layout_basic
D:2:      layout_rooms, dreamdust_ecumenical_altar_hidden_monk_grotto,
          minmay_indecisive_spiral, uniq_jessica, uniq_natasha

Skill      XL: |  1  2  3 |
---------------+----------+-----
Armour         | 3 |  3.3
Dodging        | 2 |  2.0
Fighting       | |  3.8
Maces & Flails | |  3.8

Action                     |  1- 3 |  4- 6 || total
---------------------------+-------+-------++-------
  Melee: Mace              |    89 |    15 ||   104
         Punch             |     1 |       ||     1
 Armour: Animal skin       |    35 |     3 ||    38
  Dodge: Dodged            |    65 |    10 ||    75
